 Dungeon Crawl Stone Soup version 0.29.0-4-gdea44cf6ec (webtiles) character file.

Game seed: 14487229723410466695

191 qw the Ruffian (level 5, 0/41 HPs)
             Began as a Ghoul Fire Elementalist on Aug 29, 2022.
             Slain by Pikel
             ... wielding a +1 whip of freezing
              (2 damage)
             ... on level 4 of the Dungeon.
             The game lasted 00:03:20 (3571 turns).

qw the Ruffian (Ghoul Fire Elementalist)            Turns: 3571, Time: 00:03:21

Health: 0/41       AC: 10    Str: 14    XL:     5   Next: 70%
Magic:  6/6        EV: 10    Int: 10    God:
Gold:   154        SH:  0    Dex:  9    Spells: 6/7 levels left

rFire   . . .      SeeInvis .     - Unarmed
rCold   + . .      Faith    .   (no shield)
rNeg    + + +      Spirit   .   i - +0 chain mail
rPois   inf        Reflect  .   (no helmet)
rElec   .          Harm     .   g - +0 cloak
rCorr   .          Rampage  .   (no gloves)
Will    .....                   d - +0 pair of boots
Stlth   ..........              (no amulet)
HPRegen 0.00/turn               f - +4 ring of evasion
MPRegen 0.10/turn               (no ring)

@: inhibited regen
A: claws 1, cold resistance 1, negative energy resistance 3, inhibited
regeneration, torment resistance 2, devour on kill
a: no special abilities


You were on level 4 of the Dungeon.
You visited 1 branch of the dungeon, and saw 4 of its levels.

You collected 154 gold pieces.


Innate Abilities, Weirdness & Mutations

You are immune to poison.
You have sharp fingernails.
Your flesh is cold resistant. (rC+)
You are immune to negative energy. (rN+++)
You do not regenerate when monsters are visible.
You are immune to unholy pain and torment.
You thrive by killing the living.


   Skills:
 - Level 2.2 Fighting
 - Level 1.2 Armour
 - Level 1.7 Dodging
 - Level 2.1 Stealth
 + Level 4.8 Unarmed Combat
 - Level 1.7 Spellcasting
 - Level 0.7 Conjurations
 - Level 2.4 Fire Magic


You had 6 spell levels left.
You knew the following spells:

 Your Spells              Type           Power      Damage    Failure   Level
a - Foxfire               Conj/Fire      16%        2x1d4     99%         1

Your spell library contained the following spells:

 Spells                   Type           Power      Damage    Failure   Level
 Scorch                   Fire           10%        2d6       99%         2
 Conjure Flame            Conj/Fire      4%         6-21      100%        3
 Inner Flame              Hex/Fire       3%         N/A       100%        3
 Flame Wave               Conj/Fire      4%         2d5       100%        4

Inventory:

Missiles
 k - a javelin (quivered)
Armour
 c - a +0 pair of gloves
 d - a +0 pair of boots (worn)
 g - a +0 cloak (worn)
 i - a +0 chain mail (worn)
Jewellery
 f - a +4 ring of evasion (left claw)
Scrolls
 j - a scroll of amnesia {unknown}
Potions
 a - a potion of curing
 b - a potion of brilliance {unknown}
 e - a potion of lignification {unknown}
 h - a potion of might {unknown}

Dungeon Overview and Level Annotations

Branches:
Dungeon (4/15)
 Temple: D:4-7

Altars:
Cheibriados
Ru
Sif Muna
Wu Jian

Annotations:
D:2 1 runed translucent door, Crazy Yiuf
D:4 Pikel


Message History

Pikel is lightly wounded.
Pikel hits you with a +1 whip of freezing.
You scratch Pikel.
Pikel is lightly wounded.
Pikel hits you with a +1 whip of freezing.
You closely miss Pikel.
Pikel is lightly wounded.
Pikel hits you but does no damage.
You scratch Pikel.
Pikel is moderately wounded.
Pikel hits you with a +1 whip of freezing.
You barely miss Pikel. You claw Pikel, but do no damage.
Pikel is moderately wounded.
Pikel hits you with a +1 whip of freezing.
You scratch Pikel.
Pikel is moderately wounded.
Pikel closely misses you.
You closely miss Pikel.
Pikel is moderately wounded.
Pikel closely misses you.
You completely miss Pikel.
Pikel is moderately wounded.
Pikel hits you with a +1 whip of freezing.
You scratch Pikel.
Pikel is moderately wounded.
Pikel hits you with a +1 whip of freezing.
Pikel freezes you.
You claw Pikel!
Pikel is heavily wounded.
You scratch Pikel but do no damage.
Pikel is heavily wounded.
Pikel hits you but does no damage.
You closely miss Pikel.
Pikel is heavily wounded.
Pikel says, "I'm sure they'll be treated well, anyway."
Pikel hits you with a +1 whip of freezing!
You scratch Pikel.
Pikel is severely wounded.
Pikel hits you with a +1 whip of freezing.
You die...

#######...#.# #####>#
'.# #.# #.# #########
#.# 5..55.55# #K#
....# #@# #...#
#######.#####.
#...####.............#
#........#####.#######
##..####.# #.#
........# #.#
#..####.# #.########
#..# #.# #........#
###
#..####.#####.######.#
####..


You could see Pikel and 2 lemures.

Vanquished Creatures
  An orc wizard (D:4)
  4 gnolls (D:3)
  3 adders
  2 worms
  2 dart slugs
  4 orcs (D:4)
  12 ball pythons
  9 bats
  8 endoplasms
  2 giant cockroaches
  9 goblins
  6 hobgoblins
  3 jackals (D:1)
  3 quokkas
  3 frilled lizards
  4 kobolds
  10 rats
85 creatures vanquished.

Vanquished Creatures (others)
  2 plants (D:1)
2 creatures vanquished.

Grand Total: 87 creatures vanquished

Notes
Turn   | Place    | Note
-------+----------+-------------------------------------------
     0 | D:1      | qw the Ghoul Fire Elementalist began the quest for the Orb.
     0 | D:1      | Reached XP level 1. HP: 14/14 MP: 2/2
     0 | D:1      | 0 ||| qw: Version: 0.1-a-90-g952f4b7
     0 | D:1      | 0 ||| qw: Game counter: 3660
     0 | D:1      | 0 ||| qw: Always use a shield: true
     0 | D:1      | 0 ||| qw: God list: Okawaru
     0 | D:1      | 0 ||| qw: Allow faded altars: false
     0 | D:1      | 0 ||| qw: Do Orc after D:15 true
     0 | D:1      | 0 ||| qw: Do second Lair branch before Depths: true
     0 | D:1      | 0 ||| qw: Lair rune preference: random
     0 | D:1      | 0 ||| qw: Plans: Normal
     0 | D:1      | 0 ||| PLANNING D:1-11
    48 | D:1      | Reached skill level 1 in Unarmed Combat
    57 | D:1      | 57 ||| Stepping ~*~*~tactically~*~*~ (stealth).
    70 | D:1      | Reached XP level 2. HP: 10/22 MP: 3/3
    93 | D:1      | 93 ||| Stepping ~*~*~tactically~*~*~ (stealth).
    95 | D:1      | 95 ||| Stepping ~*~*~tactically~*~*~ (stealth).
    96 | D:1      | 96 ||| Stepping ~*~*~tactically~*~*~ (stealth).
   101 | D:1      | Reached skill level 1 in Fighting
   125 | D:1      | 125 ||| Stepping ~*~*~tactically~*~*~ (stealth).
   151 | D:1      | 151 ||| Stepping ~*~*~tactically~*~*~ (stealth).
   180 | D:1      | 180 ||| Stepping ~*~*~tactically~*~*~ (stealth).
   186 | D:1      | 186 ||| Stepping ~*~*~tactically~*~*~ (stealth).
   189 | D:1      | 189 ||| Stepping ~*~*~tactically~*~*~ (stealth).
   190 | D:1      | 190 ||| Stepping ~*~*~tactically~*~*~ (stealth).
   193 | D:1      | 193 ||| Stepping ~*~*~tactically~*~*~ (stealth).
   197 | D:1      | 197 ||| Stepping ~*~*~tactically~*~*~ (stealth).
   198 | D:1      | 198 ||| Stepping ~*~*~tactically~*~*~ (stealth).
   202 | D:1      | 202 ||| Stepping ~*~*~tactically~*~*~ (stealth).
   209 | D:1      | 209 ||| Stepping ~*~*~tactically~*~*~ (stealth).
   216 | D:1      | 216 ||| Stepping ~*~*~tactically~*~*~ (stealth).
   219 | D:1      | 219 ||| Stepping ~*~*~tactically~*~*~ (stealth).
   222 | D:1      | 222 ||| Stepping ~*~*~tactically~*~*~ (stealth).
   226 | D:1      | 226 ||| Stepping ~*~*~tactically~*~*~ (stealth).
   228 | D:1      | 228 ||| Stepping ~*~*~tactically~*~*~ (stealth).
   229 | D:1      | 229 ||| Stepping ~*~*~tactically~*~*~ (stealth).
   230 | D:1      | 230 ||| Stepping ~*~*~tactically~*~*~ (stealth).
   361 | D:1      | 361 ||| Stepping ~*~*~tactically~*~*~ (hiding).
   533 | D:1      | 533 ||| Stepping ~*~*~tactically~*~*~ (stealth).
   629 | D:1      | Reached skill level 2 in Unarmed Combat
   848 | D:1      | Reached XP level 3. HP: 28/28 MP: 4/4
   903 | D:1      | Found a faded altar of an unknown god.
   935 | D:1      | 935 ||| DROPPING scarf of shadows.
   936 | D:1      | 936 ||| UPGRADING to +0 chain mail.
   946 | D:1      | 946 ||| DROPPING +0 robe.
   947 | D:1      | 947 ||| UPGRADING to +4 ring of evasion.
   948 | D:1      | 948 ||| READING scroll labelled CIOFIY WACW.
   949 | D:1      | 949 ||| READING scroll labelled NYOPSOTACE.
   950 | D:1      | 950 ||| READING scroll labelled ABREXAU GEJA.
   951 | D:1      | 951 ||| DROPPING potion of magic.
   981 | D:2      | 981 ||| STAIRDANCE
   987 | D:2      | 987 ||| STAIRDANCE
  1070 | D:2      | 1070 ||| Stepping ~*~*~tactically~*~*~ (outnumbered).
  1071 | D:2      | 1071 ||| Stepping ~*~*~tactically~*~*~ (outnumbered).
  1225 | D:2      | Reached skill level 3 in Unarmed Combat
  1450 | D:2      | Found a runed translucent door.
  1451 | D:2      | Noticed Crazy Yiuf
  1688 | D:2      | 1688 ||| Stepping ~*~*~tactically~*~*~ (stealth).
  1689 | D:2      | 1689 ||| Stepping ~*~*~tactically~*~*~ (stealth).
  1826 | D:2      | Reached XP level 4. HP: 35/35 MP: 5/5
  1878 | D:2      | 1878 ||| UPGRADING to +0 pair of boots.
  1883 | D:2      | 1883 ||| READING scroll labelled VOUGRONUSM.
  1884 | D:2      | 1884 ||| READING scroll labelled MEMPOPPECIU.
  1952 | D:2      | 1952 ||| READING scroll labelled HAHAXEDIAKAU.
  1953 | D:2      | 1953 ||| DRINKING 2 amethyst potions.
  2016 | D:3      | 2016 ||| STAIRDANCE
  2164 | D:3      | 2164 ||| Stepping ~*~*~tactically~*~*~ (outnumbered).
  2258 | D:3      | Reached skill level 1 in Armour
  2260 | D:3      | 2260 ||| READING scroll labelled HEDIBA ROCA.
  2261 | D:3      | 2261 ||| READING scroll labelled XAMOON MEA.
  2392 | D:3      | 2392 ||| Stepping ~*~*~tactically~*~*~ (stealth).
  2398 | D:3      | 2398 ||| Stepping ~*~*~tactically~*~*~ (outnumbered).
  2423 | D:3      | 2423 ||| Stepping ~*~*~tactically~*~*~ (stealth).
  2429 | D:3      | 2429 ||| Stepping ~*~*~tactically~*~*~ (stealth).
  2430 | D:3      | 2430 ||| Stepping ~*~*~tactically~*~*~ (stealth).
  2601 | D:3      | Reached skill level 4 in Unarmed Combat
  2619 | D:3      | Found a shimmering blue altar of Sif Muna.
  2625 | D:3      | Found a sacrificial altar of Ru.
  2625 | D:3      | Found a snail-covered altar of Cheibriados.
  2632 | D:3      | Found an ornate altar of the Wu Jian Council.
  2783 | D:3      | 2783 ||| Stepping ~*~*~tactically~*~*~ (outnumbered).
  2785 | D:3      | 2785 ||| Stepping ~*~*~tactically~*~*~ (stealth).
  2788 | D:3      | 2788 ||| Stepping ~*~*~tactically~*~*~ (outnumbered).
  2789 | D:3      | 2789 ||| Stepping ~*~*~tactically~*~*~ (outnumbered).
  2793 | D:3      | Reached XP level 5. HP: 23/41 MP: 6/6
  2799 | D:3      | HP: 7/41 [gnoll/+0 spear (4)]
  2800 | D:3      | 2800 ||| DRINKING potion of heal wounds.
  3028 | D:3      | 3028 ||| UPGRADING to +0 cloak.
  3033 | D:3      | 3033 ||| READING scroll labelled EKORAY LARIA.
  3034 | D:3      | 3034 ||| DRINKING 3 yellow potions.
  3035 | D:3      | 3035 ||| DRINKING 3 grey potions.
  3036 | D:3      | 3036 ||| DROPPING 2 potions of attraction.
  3147 | D:4      | 3147 ||| Stepping ~*~*~tactically~*~*~ (outnumbered).
  3149 | D:4      | 3149 ||| DRINKING 2 potions of curing.
  3149 | D:4      | 3149 ||| (to cure confusion)
  3155 | D:4      | 3155 ||| Stepping ~*~*~tactically~*~*~ (outnumbered).
  3156 | D:4      | 3156 ||| Stepping ~*~*~tactically~*~*~ (outnumbered).
  3495 | D:4      | 3495 ||| Stepping ~*~*~tactically~*~*~ (stealth).
  3501 | D:4      | 3501 ||| Stepping ~*~*~tactically~*~*~ (stealth).
  3502 | D:4      | 3502 ||| Stepping ~*~*~tactically~*~*~ (stealth).
  3519 | D:4      | 3519 ||| Stepping ~*~*~tactically~*~*~ (stealth).
  3520 | D:4      | 3520 ||| Stepping ~*~*~tactically~*~*~ (stealth).
  3539 | D:4      | Noticed Pikel
  3539 | D:4      | Noticed a lemure
  3539 | D:4      | Noticed a lemure
  3540 | D:4      | Noticed a lemure
  3546 | D:4      | Noticed a lemure
  3547 | D:4      | 3547 ||| Stepping ~*~*~tactically~*~*~ (stealth).
  3570 | D:4      | HP: 2/41 [Pikel/+1 whip of freezing (9)]
  3571 | D:4      | Slain by Pikel

Levels and vault maps discovered:
D:1:      tarquinn_simple_flora_water_e, layout_loops_ring,
          shapermc_ecumenical_altar_venn, minivault_26
D:2:      layout_basic, uniq_crazy_yiuf_cottage
D:3:      layout_loops_cross, nicolae_overflow_hallway_of_the_gods,
          serial_glass, glass_columns_c, glass_columns_a, minmay_three_crescents
D:4:      layout_loops_ring, kennysheep_mini, uniq_edmund, uniq_pikel

Skill      XL: |  1  2  3  4  5 |
---------------+----------------+-----
Unarmed Combat | 1 2 3 4 |  4.8
Fighting       | 1 2 |  2.2
Armour         | 1 |  1.2
Dodging        | |  1.7
Stealth        | |  2.1
Spellcasting   | |  1.7
Conjurations   | |  0.7
Fire Magic     | |  2.4

Action                   |  1- 3 |  4- 6 || total
-------------------------+-------+-------++-------
Melee: Unarmed           |   133 |   154 ||   287
       Punch             |     4 |     6 ||    10
Throw: Javelin           |       |    10 ||    10
  Use: Scroll            |     3 |     6 ||     9
       Potion            |       |     5 ||     5
Armor: Robe              |    16 |       ||    16
       Chain mail        |    20 |    53 ||    73
Dodge: Dodged            |    66 |    63 ||   129

Table legend:
 A = Non-vault XP
 B = Vault XP
 C = Vault XP percentage of total XP
 D = Non-vault monster count
 E = Vault monster count
 F = Vault count percentage of total count
                 A         B        C        D         E       F
            +---------+---------+-------+---------+---------+-------
      Total |     265 |       9 |   3.3 |      79 |       6 |   7.1
            +---------+---------+-------+---------+---------+-------
        D:1 |      39 |       0 |   0.0 |      22 |       0 |   0.0
        D:2 |      47 |       0 |   0.0 |      22 |       0 |   0.0
        D:3 |     121 |       9 |   6.9 |      25 |       6 |  19.4
        D:4 |      58 |       0 |   0.0 |      10 |       0 |   0.0
            +---------+---------+-------+---------+---------+-------
